 Dungeon Crawl Stone Soup version 0.28.0 (webtiles) character file.

Game seed: 13730207600788252923

3321 browni3141 the Cleaver (level 9, -1/80 HPs)
             Began as a Minotaur Berserker on Feb 17, 2022.
             Was an Elder of Trog.
             Slain by a vampire (17 damage)
             ... in a bailey.
             The game lasted 00:04:11 (8817 turns).

browni3141 the Cleaver (Minotaur Berserker)         Turns: 8817, Time: 00:04:11

Health: -1/80      AC: 13    Str: 26    XL:     9   Next: 71%
Magic:  8/8        EV:  5    Int:  4    God:    Trog [****..]
Gold:   285        SH: 21    Dex: 16    Spells: 8/8 levels left

rFire   . . .      SeeInvis .   a - +0 hand axe
rCold   . . .      Faith    .   g - +0 tower shield
rNeg    + . .      Spirit   .   r - +0 plate armour
rPois   .          Reflect  +   (helmet restricted)
rElec   .          Harm     .   (no cloak)
rCorr   .          Rampage  .   (no gloves)
Will    ++...                   (no boots)
Stlth   ..........              z - amulet of reflection
HPRegen 1.23/turn               X - +6 ring of dexterity
MPRegen 0.11/turn               N - ring of positive energy

@: strong-willed, on berserk cooldown, regenerating, slowed, studying Armour,
very slow
A: horns 2, retaliatory headbutt
a: Renounce Religion, Berserk, Trog's Hand, Brothers in Arms


You were in a bailey.
You worshipped Trog.
Trog was greatly pleased with you.
You visited 1 branch of the dungeon, and saw 7 of its levels.
You also visited: Sewer and Bailey.

You collected 285 gold pieces.


Innate Abilities, Weirdness & Mutations

You have a pair of horns on your head.
You reflexively headbutt those who attack you in melee.


   Skills:
 + Level 7.7 Fighting
 * Level 10.4 Axes
 + Level 7.8 Armour
 - Level 2.1 Dodging
 * Level 9.0 Shields


You had 8 spell levels left.
You didn't know any spells.
Your spell library was empty.

Inventory:

Hand Weapons
 a - a +0 hand axe (weapon)
Missiles
 y - a throwing net (quivered)
Armour
 b - a +0 animal skin
 g - a +0 tower shield (worn)
 r - a +0 plate armour (worn)
Jewellery
 z - an amulet of reflection (around neck)
 F - a ring of fire
 N - a ring of positive energy (right hand)
 X - a +6 ring of dexterity (left hand)
Wands
 o - a wand of flame (29)
Scrolls
 c - a scroll of holy word {unknown}
 d - 6 scrolls of teleportation {unknown}
 e - 3 scrolls of identify {unknown}
 i - a scroll of fear {unknown}
 k - a scroll of blinking {unknown}
 l - 3 scrolls of magic mapping {unknown}
 m - a scroll of summoning {unknown}
 n - 3 scrolls of noise {unknown}
 s - a scroll of amnesia {unknown}
 t - a scroll of torment {unknown}
 v - a scroll of fog {unknown}
Potions
 f - 6 potions of curing {unknown}
 h - 2 potions of might {unknown}
 j - a potion of mutation {unknown}
 p - a potion of ambrosia {unknown}
 q - a potion of berserk rage {unknown}
 u - a potion of magic {unknown}
 w - a potion of cancellation {unknown}
 x - a potion of invisibility {unknown}

Dungeon Overview and Level Annotations

Branches:
Dungeon (7/15)              Sewer (visited)          Bailey (1/1)
 Temple: D:4-7

Altars:
Cheibriados
Hepliaklqana
Kikubaaqudgha
Sif Muna
Uskayaw
Wu Jian ¦¦¦¦¦ ¦¦¦¦¦

¦...¦ ¦....¦¦¦¦¦¦
¦...¦¦¦¦
....¦¦.8¦¦¦¦¦.))'..¦
¦...¦..¦8..¦¦¦¦¦))¦
¦{.'..¦.......¦¦'¦
¦¦@.'..¦...........
¦)..¦..¦....♣..♣...
¦[.....¦¦..¦.......♣...
¦¦....¦¦...¦...♣.......
¦¦¦¦¦¦...)¦¦......♣...
¦8..)...¦¦.).))♣...
¦...¦¦)).¦¦.)....♣.
¦..¦¦.)..¦....)....
¦..¦....¦¦.........


There were no monsters in sight!


Message History

Something bites you but does no damage.
You hit something but do no damage.
Your skin stops crawling.
You feel less strong-willed. Something hits you but does no damage.
Something bites you but does no damage.
You hit something but do no damage. Something hits you!
* * * LOW HITPOINT WARNING * * *
Something bites you but does no damage. Something draws life force from you.
* * * LOW HITPOINT WARNING * * *
Your skin crawls.
You feel strong-willed. Something hits you but does no damage.
Something bites you.
* * * LOW HITPOINT WARNING * * *
Throw: 2 throwing nets
Press: ? - help, Q - select action, (/) - cycle Shift-Dir - straight line You throw a throwing net.
Something gets caught in the net!
Something wriggles in the net. x2
You hit something but do no damage. You headbutt something!
Something wriggles in the net. x2
You hit something but do no damage.
Something wriggles in the net. x2
All of a sudden the net rips apart!
You slash something! You block something's attack.
Something bites you but does no damage.
You hit something but do no damage. You block something's attack.
Something bites you.
* * * LOW HITPOINT WARNING * * *
Something draws strength from your injuries!
Something draws life force from you.
* * * LOW HITPOINT WARNING * * *
You fail to use your ability.
Something hits you!
You die...

Skill      XL: |  1  2  3  4  5  6  7  8  9 |
---------------+----------------------------+-----
Axes           | 4 5 6 7 9 10 | 10.4
Fighting       | 4 5 6 7 |  7.7
Armour         | 3 4 5 6 7 |  7.8
Shields        | 2 3 5 7 9 |  9.0
Dodging        | |  2.1

Action                   |  1- 3 |  4- 6 |  7- 9 || total
-------------------------+-------+-------+-------++-------
Melee: Hand axe          |    64 |    68 |   362 ||   494
       Headbutt          |     9 |    10 |    85 ||   104
       Punch             |     1 |       |     2 ||     3
Throw: Throwing net      |       |       |     1 ||     1
Invok: Berserk           |       |     3 |     5 ||     8
       Trog's Hand       |       |       |     3 ||     3
 Stab: Sleeping          |       |     1 |     1 ||     2
Armor: Animal skin       |    16 |     9 |     9 ||    34
       Plate armour      |       |       |   137 ||   137
Dodge: Dodged            |    39 |    38 |   112 ||   189
Block: Tower shield      |       |       |   203 ||   203
       Other             |       |       |     1 ||     1

Levels and vault maps discovered:
D:1:      scummos_arrival_checkerplants, layout_basic,
          dreamdust_ecumenical_altar_grove
D:2:      layout_loops_cross, basic_altar, hangedman_decor_growths, uniq_jessica
D:3:      cheibrodos_helix_gallery, layout_rooms,
          chequers_temple_overflow_statue_of_worship
D:4:      layout_gridville, kennysheep_mini, nicolae_sif_muna_condensation,
          nicolae_hepliaklqana_hazy_memory
D:5:      layout_cave_pools, portal_sewer_entry_a, chequers_mini_garden,
          nicolae_underground_beach, uniq_eustachio
D:6:      nicolae_cairo_tiling, layout_basic, kennysheep_mini_moat,
          minmay_manual_mess
D:7:      minmay_the_grid_triangle_9x9_rhombus_thin
          [minmay_the_grid_triangle_9x9_swiss_cheese,
          minmay_the_grid_triangle_9x9_prize_center,
          minmay_the_grid_triangle_9x9_skeleton,
          minmay_the_grid_triangle_9x9_subtriangle], layout_loops_cross,
          mainiacjoe_overflow_small_starburst, minmay_temple_entry_nine_rooms,
          gammafunk_ghost_grave, enter_bailey_7, uniq_maggie,
          uniq_crazy_yiuf_cottage
Bailey:   bailey_polearm_vampire_castle_hellmonk, bailey

Notes
Turn   | Place    | Note
-------+----------+-------------------------------------------
     0 | D:1      | browni3141 the Minotaur Berserker began the quest for the
                  | Orb.
     0 | D:1      | Reached XP level 1. HP: 19/19 MP: 0/0
    32 | D:1      | Found a faded altar of an unknown god.
    88 | D:1      | Reached skill level 4 in Axes
    88 | D:1      | Reached XP level 2. HP: 27/27 MP: 1/1
   444 | D:1      | Reached skill level 4 in Fighting
   836 | D:1      | Reached skill level 3 in Armour
   836 | D:1      | Reached XP level 3. HP: 30/33 MP: 2/2
  1004 | D:2      | Found a snail-covered altar of Cheibriados.
  1156 | D:2      | Reached ** piety under Trog
  1359 | D:2      | Noticed Jessica
  1361 | D:2      | Killed Jessica
  1362 | D:2      | Reached skill level 5 in Axes
  1362 | D:2      | Reached XP level 4. HP: 35/41 MP: 3/3
  2532 | D:3      | You fall into a shaft and drop 2 floors!
  2532 | D:5      | Entered Level 5 of the Dungeon
  2532 | D:5      | Noticed an orc warrior
  2539 | D:5      | Killed an orc warrior
  2540 | D:5      | Reached skill level 2 in Shields
  2540 | D:5      | Reached XP level 5. HP: 46/47 MP: 4/4
  2544 | D:5      | Reached skill level 6 in Axes
  2544 | D:5      | Reached skill level 4 in Armour
  2544 | D:5      | Reached XP level 6. HP: 44/55 MP: 5/5
  2728 | D:5      | Reached skill level 5 in Fighting
  2728 | D:5      | Reached skill level 3 in Shields
  2840 | D:5      | Found a glowing drain.
  3020 | Sewer    | Entered a sewer
  3054 | Sewer    | Noticed Pargi
  3066 | Sewer    | Killed Pargi
  3272 | D:5      | Reached XP level 7. HP: 42/61 MP: 6/6
  3404 | D:5      | Reached skill level 4 in Shields
  3462 | D:5      | Noticed a steam dragon
  3471 | D:5      | Killed a steam dragon
  3472 | D:5      | Reached skill level 7 in Axes
  3598 | D:4      | Reached skill level 5 in Armour
  3618 | D:4      | Reached skill level 5 in Shields
  3784 | D:4      | Found an ancient bone altar of Kikubaaqudgha.
  4287 | D:4      | Found a hazy altar of Hepliaklqana.
  4362 | D:4      | Reached XP level 8. HP: 70/70 MP: 7/7
  4479 | D:4      | Reached skill level 6 in Fighting
  4782 | D:4      | Found a shimmering blue altar of Sif Muna.
  5404 | D:3      | Found an ornate altar of the Wu Jian Council.
  5404 | D:3      | Found a hide-covered altar of Uskayaw.
  5659 | D:5      | Reached skill level 8 in Axes
  5683 | D:5      | Noticed Eustachio
  5685 | D:5      | Reached skill level 6 in Shields
  5690 | D:5      | Reached *** piety under Trog
  5697 | D:5      | Killed Eustachio
  6415 | D:6      | Reached skill level 6 in Armour
  6615 | D:6      | Reached skill level 7 in Shields
  6853 | D:6      | Reached skill level 9 in Axes
  6930 | D:6      | Reached XP level 9. HP: 25/78 MP: 8/8
  7395 | D:6      | Noticed a kobold demonologist
  7401 | D:6      | Reached skill level 7 in Fighting
  7409 | D:6      | Noticed an ice devil
  7409 | D:6      | Killed a kobold demonologist
  7410 | D:6      | Reached skill level 8 in Shields
  7886 | D:6      | Found a snail-covered altar of Cheibriados.
  8019 | D:7      | Found a flagged portal.
  8037 | Bailey   | Entered a bailey
  8517 | Bailey   | Reached skill level 7 in Armour
  8518 | Bailey   | Reached skill level 10 in Axes
  8564 | Bailey   | Reached **** piety under Trog
  8801 | Bailey   | Reached skill level 9 in Shields
  8817 | Bailey   | Slain by a vampire

Vanquished Creatures
  A kobold demonologist (D:6)
  A vampire (Bailey)
  A wyvern (D:6)
  A yak (D:6)
  3 steam dragons
  Eustachio (D:5)
  2 orc warriors
  Pargi (Sewer)
  2 black bears
  An ogre (D:5)
  A phantom (D:5)
  A bullfrog (D:6)
  4 scorpions
  8 vampire bats (Bailey)
  A howler monkey (D:6)
  4 wolf zombies (Bailey)
  2 orc priests (D:5)
  A jelly (D:6)
  3 bullfrog skeletons
  Jessica (D:2)
  A scorpion zombie (D:5)
  3 iguanas
  5 orc wizards
  A hound skeleton (D:5)
  A howler monkey zombie (D:5)
  3 gnolls
  A howler monkey skeleton (D:6)
  8 adders
  A river rat (D:5)
  A white imp (D:6)
  An ufetubus (D:4)
  2 adder skeletons
  2 worms
  2 dart slugs
  22 orcs
  4 bats
  4 endoplasms
  7 giant cockroaches
  8 goblins
  A hobgoblin (D:3)
  5 quokkas
  8 ball pythons
  7 frilled lizards
  6 kobolds
  21 orc zombies (Bailey)
  4 rats
169 creatures vanquished.

Vanquished Creatures (others)
  2 fungi (D:1)
  4 plants
6 creatures vanquished.

Grand Total: 175 creatures vanquished

Table legend: (Time is in decaauts)
 A = Elapsed time spent in this place.
 B = Non-inter-level travel time spent in this place.
 C = Inter-level travel time spent in this place.
 D = Time resting spent in this place.
 E = Time spent auto-exploring this place.
 F = Levels seen in this place.
 G = Mean time per level.
                   A        B        C        D        E       F      G
               +--------+--------+--------+--------+--------+-----+--------+
         Total |   8904 |   8651 |    253 |   1408 |   6055 |   9 |  989.3 |
       Dungeon |   7840 |   7587 |    253 |    943 |   5716 |   7 | 1120.0 |
         Sewer |    257 |    257 |      0 |    126 |     90 |   1 |  257.0 |
        Bailey |    805 |    805 |      0 |    338 |    249 |   1 |  805.0 |
               +--------+--------+--------+--------+--------+-----+--------+

Top non-repeatable levels by time:
     D:6: 1870 daAuts
     D:2: 1393 daAuts
     D:4: 1382 daAuts
     D:5: 1322 daAuts
     D:1: 988 daAuts
     D:3: 806 daAuts
  Bailey: 805 daAuts
   Sewer: 257 daAuts
     D:7: 78 daAuts

Table legend:
 A = Non-vault XP
 B = Vault XP
 C = Vault XP percentage of total XP
 D = Non-vault monster count
 E = Vault monster count
 F = Vault count percentage of total count
                 A         B        C        D         E       F
            +---------+---------+-------+---------+---------+-------
      Total |    2615 |    2130 |  44.9 |     114 |      55 |  32.5
            +---------+---------+-------+---------+---------+-------
        D:1 |      44 |       0 |   0.0 |      21 |       0 |   0.0
        D:2 |      69 |      37 |  34.9 |      18 |       1 |   5.3
        D:3 |      48 |       4 |   7.7 |      11 |       2 |  15.4
        D:4 |     446 |       0 |   0.0 |      22 |       0 |   0.0
        D:5 |    1024 |     199 |  16.3 |      24 |       6 |  20.0
        D:6 |     948 |     720 |  43.2 |      17 |       5 |  22.7
        D:7 |      36 |      33 |  47.8 |       1 |       4 |  80.0
      Sewer |       0 |     137 | 100.0 |       0 |       3 | 100.0
     Bailey |       0 |    1000 | 100.0 |       0 |      34 | 100.0
            +---------+---------+-------+---------+---------+-------
